 Dungeon Crawl Stone Soup version 0.30-a0-394-g3e4acdb0ae (webtiles) character file.

Game seed: 623089185388549024

25 flotson the Sneak (level 2, -1/24 HPs)
             Began as a Demonspawn Delver on Dec 7, 2022.
             Slain by Terence
             ... wielding a +2 mace of pain
              (9 damage)
             ... on level 2 of the Dungeon.
             The game lasted 00:01:35 (434 turns).

flotson the Sneak (Demonspawn Delver)                Turns: 434, Time: 00:01:36

Health: -1/24      AC:  4    Str: 12    XL:     2   Next: 82%
Magic:  2/2        EV: 12    Int: 11    God:
Gold:   74         SH:  0    Dex: 14    Spells: 1/1 levels left

rFire   . . .      SeeInvis .    a - +0 hand axe
rCold   + . .      Faith    .    (no shield)
rNeg    . . .      Spirit   .    b - +0 leather armour
rPois   .          Reflect  .    (no helmet)
rElec   .          Harm     .    n - +0 cloak
rCorr   .          Rampage  .    (no gloves)
Will    .....                    (no boots)
Stlth   +++.......               (no amulet)
HPRegen 0.24/turn                h - ring of protection from cold
MPRegen 0.08/turn                (no ring)

@: no status effects
A: ignite blood 1
a: no special abilities


You were on level 2 of the Dungeon.
You visited 1 branch of the dungeon, and saw 4 of its levels.

You collected 74 gold pieces.

Inventory:

Hand Weapons
 a - a +0 hand axe (weapon)
Armour
 b - a +0 leather armour (worn)
 n - a +0 cloak (worn)
Jewellery
 h - a ring of protection from cold (left hand)
Wands
 g - a wand of digging (3)
Scrolls
 c - a scroll of fog
 d - a scroll of magic mapping
 e - a scroll of fear
 m - a scroll of blinking {unknown}
Potions
 f - a potion of haste
 j - 3 potions of degeneration {unknown}
 k - 2 potions of curing {unknown}
 l - a potion of experience {unknown}


   Skills:
 + Level 3.1 Fighting
 - Level 1.7 Axes
 + Level 0.6 Throwing
 + Level 0.7 Armour
 + Level 2.0 Dodging
 + Level 4.6 Stealth
 + Level 0.7 Evocations


You had one spell level left.
You didn't know any spells.
Your spell library was empty.

Dungeon Overview and Level Annotations

Branches:
Dungeon (5/15)
 Temple: D:4-7

Altars:

Annotations:
D:2 Terence


Innate Abilities, Weirdness & Mutations

Your demonic aura sometimes causes spilled blood to erupt in flames.


Message History

No target in view!
No target in view!
No target in view!
No target in view!
No target in view!
Found 4 gold pieces.
You see here a quokka corpse.
You see here a +0 whip.
You now have 68 gold pieces (gained 4).
j - 3 murky blue potions (gained 2)
There is a faded altar of an unknown god here.
Found 6 gold pieces.
You now have 74 gold pieces (gained 6).
Found 9 gold pieces.
Found a stone staircase leading down.
Terence the Incautious comes into view.
He is wielding a +2 mace of pain.
Terence shouts!
Throw: 2 darts (poison)
Press: ? - help, Q - select action Shift-Dir - straight line, f - Terence
Aim: Terence, wielding a +2 mace of pain and wearing a +0 ring mail (63% to hit)
You throw a poisoned dart. The poisoned dart hits Terence.
Terence is poisoned.
Throw: dart (poison)
Press: ? - help, Q - select action Shift-Dir - straight line, f/p - Terence
Aim: Terence, wielding a +2 mace of pain and wearing a +0 ring mail (poisoned, 63% to hit)
You throw a poisoned dart. The poisoned dart hits Terence.
You hit Terence.
Terence is moderately wounded.
Terence closely misses you.
You hit Terence.
Terence is heavily wounded.
Terence hits you with a +2 mace of pain!
Ouch! That really hurt!
You closely miss Terence.
Terence is heavily wounded.
Terence looks more healthy.
Terence barely misses you.
Terence hits you with a +2 mace of pain.
* * * LOW HITPOINT WARNING * * *
You hit Terence.
Terence is severely wounded.
Terence hits you with a +2 mace of pain!
You die...

####### #.....#
#.$...# #.....#
#.....# #.>...#
##### #.....#
#...#
#####.....#
#####...#
#.....@...#
........#
#.#####@......
........###..#
#.(.##.
####......##.###
.#(# #
##.###......# .
.. #.# ###..#.#
#. ## #.#
##..... .. ..#
.....#. .. ...
####.....


You could see Terence.

Vanquished Creatures
  2 adders
  A bat (D:3)
  An endoplasm (D:3)
  A giant cockroach (D:2)
  A hobgoblin (D:3)
  A quokka (D:2)
7 creatures vanquished.

Notes
Turn   | Place    | Note
-------+----------+-------------------------------------------
     0 | D:5      | flotson the Demonspawn Delver began the quest for the Orb.
     0 | D:5      | Reached XP level 1. HP: 18/18 MP: 1/1
    43 | D:5      | Noticed a howler monkey
    71 | D:5      | Noticed a necrophage
    88 | D:4      | Noticed an iguana
   170 | D:3      | Gained mutation: Your demonic aura sometimes causes spilled
                  | blood to erupt in flames. [demonic ancestry]
   170 | D:3      | Reached XP level 2. HP: 22/24 MP: 2/2
   198 | D:2      | Found a faded altar of an unknown god.
   427 | D:2      | Noticed Terence
   434 | D:2      | Slain by Terence

Illustrated notes

Levels and vault maps discovered:
D:2:      layout_rooms, shapermc_ecumenical_altar_mp_highgroup, uniq_terence,
          uniq_robin
D:3:      layout_rooms, nemelex_diamond_rough_becter, serial_shops, shop,
          uniq_natasha, uniq_sigmund
D:4:      layout_basic, serial_shops, nicolae_inconvenience_store,
          gammafunk_ghost_necromancy
D:5:      layout_rooms

Skill      XL: |  1  2 |
---------------+-------+-----
Dodging        | 2 |  2.0
Fighting       | |  3.1
Axes           | |  1.7
Throwing       | |  0.6
Armour         | |  0.7
Stealth        | |  4.6
Evocations     | |  0.7

Action                   || total
-------------------------++-------
Melee: Hand axe          ||    27
Throw: Dart              ||     2
 Stab: Sleeping          ||     1
Armor: Leather armour    ||     5
Dodge: Dodged            ||    15

Table legend: (Time is in decaauts)
 A = Elapsed time spent in this place.
 B = Non-inter-level travel time spent in this place.
 C = Inter-level travel time spent in this place.
 D = Time resting spent in this place.
 E = Time spent auto-exploring this place.
 F = Levels seen in this place.
 G = Mean time per level.
                   A        B        C        D        E       F      G
               +--------+--------+--------+--------+--------+-----+--------+
         Total |    438 |    438 |      0 |      0 |    207 |   4 |  109.5 |
       Dungeon |    438 |    438 |      0 |      0 |    207 |   4 |  109.5 |
               +--------+--------+--------+--------+--------+-----+--------+

Top non-repeatable levels by time:
     D:2: 245 daAuts
     D:3: 98 daAuts
     D:5: 87 daAuts
     D:4: 6 daAuts
